 Dungeon Crawl Stone Soup version 0.17.0-24-gcfadda4 (webtiles) character file.

725 M4edhros the Covert (level 7, 0/43 HPs)
             Began as an Octopode Artificer on Nov 17, 2015.
             Was a Follower of Okawaru.
             Slain by a scorpion (1 damage)
             ... on level 5 of the Dungeon.
             The game lasted 00:07:22 (4307 turns).

M4edhros the Covert (Octopode Artificer)            Turns: 4307, Time: 00:07:22

Health: 0/43       AC:  1    Str:  6    XL:     7   Next: 71%
Magic:  12/12      EV: 13    Int: 14    God:    Okawaru [*.....]
Gold:   218        SH:  0    Dex: 18    Spells: 0 memorised, 6 levels left

rFire  . . .     SeeInvis .     B - +1 rapier of Ruajecli {freeze, Dex+3}
rCold  . . .     Clarity  .     (no shield)
rNeg   . . .     SustAt   +     (helmet restricted)
rPois  .         Gourm    .     (no amulet)
rElec  .         Spirit   .     s - ring of sustain attributes
rCorr  .         Warding  .     (no ring)
rMut   .         Stasis   .     (no ring)
MR     .....                    (no ring)
Stlth  +++++.....               (no ring)
                                (no ring)
                                (no ring)
                                (no ring)

@: lethally poisoned (0 -> -4), not resistant to hostile enchantments, quite
stealthy
A: almost no armour, amphibious, 8 rings, constrict 8, tentacle spike 1,
camouflage 1, weak 2, gelatinous body 1, subdued magic 1
a: Heroism, Renounce Religion


You were on level 5 of the Dungeon.
You worshipped Okawaru.
Okawaru was aware of your devotion.
You were very hungry.

You visited 2 branches of the dungeon, and saw 6 of its levels.

You collected 218 gold pieces.

Inventory:

Hand Weapons
 a - a +0 short sword
 n - a +2 antimagic scimitar
 u - a +2 quarterstaff of protection
 A - a cursed -2 whip
 B - the +1 rapier of Ruajecli (weapon) {freeze, Dex+3}
   (You found it on level 5 of the Dungeon)

   It has been specially enchanted to freeze those struck by it, causing extra
   injury to most foes and up to half again as much damage against particularly
   susceptible opponents.
   It can also slow down cold-blooded creatures.
   It affects your dexterity (+3).
Missiles
 k - a throwing net
 l - 6 javelins (quivered)
 z - 24 sling bullets
Jewellery
 s - a ring of sustain attributes (left tentacle)
Wands
 b - a wand of flame (0)
 c - a wand of enslavement (12)
 d - a wand of random effects (8)
 x - a wand of disintegration (13)
Scrolls
 f - a scroll of enchant armour {unknown}
 g - 4 scrolls of immolation
 i - 5 scrolls of remove curse {unknown}
 j - 4 scrolls of identify {unknown}
 m - a scroll of amnesia {unknown}
 p - 2 scrolls of recharging {unknown}
 q - a scroll of teleportation {unknown}
 t - a scroll of enchant weapon {unknown}
 v - 3 scrolls of magic mapping {unknown}
 y - a scroll of random uselessness {unknown}
Potions
 h - 2 potions of brilliance
Comestibles
 e - 2 bread rations
 r - a beef jerky
 w - 3 fruits


   Skills:
 - Level 1.0 Fighting
 - Level 1.0 Short Blades
 - Level 2.0 Dodging
 + Level 8.0 Stealth
 + Level 7.4 Evocations


You had 6 spell levels left.
You didn't know any spells.

Dungeon Overview and Level Annotations

Branches:
Dungeon (5/15)             Temple (1/1) D:5

Altars:
Ashenzari
Cheibriados
Dithmenos
Elyvilon
Fedhas
Kikubaaqudgha
Makhleb
Nemelex Xobeh
Okawaru
Qazlal
Ru
Sif Muna
Trog
Vehumet
Xom
Yredelemnul
Zin
The Shining One

Annotations:
D:3 Sigmund
D:4 Ohshi's ghost, amateur DECj


Innate Abilities, Weirdness & Mutations

You cannot wear most types of armour.
You are amphibious.
You can wear up to eight rings at the same time.
You can use your tentacles to constrict eight enemies at once.
Your skin changes colour to match your surroundings (Stealth).
Your rubbery body absorbs attacks (AC +1).
One of your tentacles bears a spike.
You are very weak. (Str -4)
Your spells are a little easier to cast, but a little less powerful.


Message History

You feel sick.
The scorpion stings you but does no damage.
The scorpion closely misses you.
You hit the scorpion but do no damage.
You pierce the scorpion, but do no damage.
The scorpion is heavily wounded.
You constrict the scorpion.
You feel sick. The scorpion stings you!
* * * LOW HITPOINT WARNING * * *
You are too injured to fight recklessly!
You hit the scorpion but do no damage.
The scorpion is severely wounded.
You constrict the scorpion. The scorpion stings you!
* * * LOW HITPOINT WARNING * * *
Drink which item? (? for menu, Esc to quit)
It was a potion of berserk rage.
You're too hungry to go berserk.
You constrict the scorpion.
* * * LOW HITPOINT WARNING * * *
You feel sick. The scorpion stings you.
You die... "Huh?
Did I miss anything?"

.##........#. ##.##
####.........##.##
##............##
##..#..........######..
...###................# ..##
#.........#######
..######........##
.......##......s.##
#######.##......@.# #
#..##.......############### ##
##..##........)...........# .##
##.####.............####.##
..#####..# ##....).####### ###
.........# ##.#......## ####
...###..####..##......# ###..##
.<###.....#..###......#####.>##.#
....>.##.....###.##.#..##(..####.


You could see a scorpion.

Vanquished Creatures
  2 ogres
  A phantom (D:5)
  A scorpion (D:5)
  A crimson imp (D:5)
  3 orc wizards (D:4)
  3 iguanas
  A giant frog skeleton (D:4)
  2 worker ants
  A hound skeleton (D:5)
  2 adders
  3 gnolls (D:5)
  An ooze (D:1)
  A worm (D:3)
  2 giant geckos
  4 orcs (D:4)
  9 bats
  6 giant cockroaches
  5 goblins
  7 hobgoblins
  3 jackals (D:4)
  4 quokkas
  3 giant newts
  A jackal skeleton (D:5)
  4 kobolds
  6 rats
76 creatures vanquished.

Vanquished Creatures (collateral kills)
  A hobgoblin (D:1)
  A rat (D:1)
2 creatures vanquished.

Grand Total: 78 creatures vanquished

Notes
Turn   | Place    | Note
--------------------------------------------------------------
     0 | D:1      | M4edhros the Octopode Artificer began the quest for the Orb.
     0 | D:1      | Reached XP level 1. HP: 13/13 MP: 3/3
   136 | D:1      | Reached XP level 2. HP: 9/18 MP: 4/4
   450 | D:2      | Reached skill level 4 in Evocations
   550 | D:2      | Found a faded altar to an unknown god.
   611 | D:2      | Reached XP level 3. HP: 14/23 MP: 2/6
  1034 | D:3      | Reached XP level 4. HP: 18/28 MP: 7/7
  1153 | D:5      | Entered Level 5 of the Dungeon
  1219 | D:5      | Reached skill level 5 in Evocations
  1219 | D:5      | Reached XP level 5. HP: 15/33 MP: 8/8
  1222 | D:5      | Gained mutation: You are weak. (Str -2) [potion of mutation]
  1222 | D:5      | Gained mutation: Your spells are a little easier to cast, but a little less powerful. [potion of mutation]
  1222 | D:5      | Gained mutation: One of your tentacles bears a spike. [potion of mutation]
  1464 | D:5      | Reached skill level 5 in Stealth
  1480 | D:5      | Found a staircase to the Ecumenical Temple.
  1482 | D:5      | Noticed a phantom
  1489 | Temple   | Entered the Ecumenical Temple
  1512 | Temple   | Became a worshipper of Xom of Chaos
  1538 | Temple   | Fell from the grace of Xom
  1538 | Temple   | Became a worshipper of Warmaster Okawaru
  1903 | D:4      | XOM: summons 5 hostile demons
  1904 | D:4      | Noticed a chaos spawn
  2060 | D:3      | Noticed Sigmund
  2522 | D:1      | XOM: give mutation
  2522 | D:1      | Gained mutation: You are very weak. (Str -4) [Xom's mischief]
  3026 | D:4      | Reached XP level 6. HP: 21/38 MP: 10/10
  3223 | D:4      | XOM: medium Trmt miscast
  3267 | D:4      | Noticed an ogre
  3274 | D:4      | Killed an ogre
  3274 | D:4      | Reached skill level 6 in Stealth
  3305 | D:4      | XOM: blink monster(s)
  3318 | D:4      | XOM: stat loss: -3 Int (13/14)
  3357 | D:4      | Noticed Ohshi's ghost (amateur DECj)
  3373 | D:4      | Reached XP level 7. HP: 28/43 MP: 11/11
  3543 | D:5      | XOM: 1-stop teleportation journey
  3574 | D:5      | Got a faintly glowing rapier
  3575 | D:5      | Identified the +1 rapier of Ruajecli {freeze, Dex+3} (You found it on level 5 of the Dungeon)
  3691 | D:5      | Reached * piety under Okawaru
  3695 | D:5      | Reached skill level 7 in Stealth
  3949 | D:5      | Killed a phantom
  4269 | D:5      | Reached skill level 8 in Stealth
  4306 | D:5      | HP: 2/43 [scorpion (10)]
  4307 | D:5      | Slain by a scorpion

Action                   |  1- 3 |  4- 6 |  7- 9 || total
-------------------------+-------+-------+-------++-------
Melee: Short sword       |    33 |       |       ||    33
       Scimitar          |    17 |       |       ||    17
       Quarterstaff      |    10 |    98 |     4 ||   112
       Rapier            |       |       |    42 ||    42
Evoke: Wand              |     5 |    17 |     3 ||    25
  Use: Potion            |       |     8 |     2 ||    10
       Scroll            |       |     2 |       ||     2
 Stab: Sleeping          |     7 |     9 |       ||    16
       Paralysed         |       |       |     3 ||     3
       Distracted        |       |       |     1 ||     1
       Confused          |       |       |     1 ||     1
  Eat: Meat ration       |       |     1 |       ||     1
       Bread ration      |       |     1 |       ||     1
